 Dungeon Crawl Stone Soup version 0.31.0-11-ge490571c62 (webtiles) character file.

Game seed: 1450290261696080489

3775 Bobbunny the Grappler (level 9, -5/96 HPs)
             Began as a Troll Berserker on Jan 27, 2024.
             Was a High Priest of Trog.
             Slain by a killer bee (6 damage)
             ... on level 7 of the Dungeon.
             The game lasted 00:07:12 (4534 turns).

Bobbunny the Grappler (Troll Berserker)             Turns: 4534, Time: 00:07:13

Health: -5/96      AC:  7    Str: 27    XL:     9   Next: 95%
Magic:  8/8        EV: 10    Int:  7    God:    Trog [*****.]
Gold:   291        SH:  0    Dex:  9    Spells: 8/8 levels left

rFire   + .          .
                       - Unarmed
rCold   . . .        (no shield)
rNeg    . . .        a - +0 animal skin
rPois   +            (helmet restricted)
rElec   .            r - +2 cloak {rPois}
rCorr   .            (gloves unavailable)
SInv    .            (boots unavailable)
Will    +....        (no amulet)
Stlth   +            b - ring of willpower
HPRegen 1.16/turn    c - ring of protection from fire
MPRegen 0.11/turn

%: no passive effects
@: studying Shapeshifting
A: large, unfitting armour, claws 3, regeneration 1, shaggy fur 1, tough skin 1
a: Renounce Religion, Berserk, Trog's Hand, Brothers in Arms


You were on level 7 of the Dungeon.
You worshipped Trog.
Trog was extremely pleased with you.
You visited 1 branch of the dungeon, and saw 7 of its levels.

You collected 321 gold pieces.
You spent 30 gold pieces at shops.

Inventory:

Missiles
 f - 9 poisoned darts
 k - 2 boomerangs
 n - 2 throwing nets
 u - 5 javelins (quivered)
Armour
 a - a +0 animal skin (worn)
 r - a +2 cloak of poison resistance (worn)
Jewellery
 b - a ring of willpower (left claw)
 c - a ring of protection from fire (right claw)
 x - the ring "Ixextag" {rElec MP-9 Str+6 Dex+3}
   (You found it on level 4 of the Dungeon)

   [ring of strength]

   Str+6:     It affects your strength (+6).
   Dex+3:     It affects your dexterity (+3).
   rElec:     It insulates you from electricity.
   MP-9:      It affects your magic capacity (-9).
Talismans
 q - a maw talisman
Wands
 p - a wand of iceblast (15)
 y - a wand of light (12)
 D - a wand of flame (19)
 H - a wand of polymorph (7)
Scrolls
 i - a scroll of vulnerability {unknown}
 o - a scroll of blinking
 s - a scroll of amnesia {unknown}
 v - 4 scrolls of teleportation {unknown}
 w - 2 scrolls of noise
 F - 3 scrolls of revelation {unknown}
 G - a scroll of poison {unknown}
 J - a scroll of fear {unknown}
Potions
 d - a potion of cancellation {unknown}
 e - 3 potions of curing
 g - a potion of brilliance {unknown}
 h - a potion of heal wounds {unknown}
 j - a potion of haste
 l - 2 potions of magic
 m - a potion of berserk rage {unknown}
 t - 2 potions of attraction {unknown}
 z - 2 potions of might
 A - a potion of resistance {unknown}
 B - a potion of invisibility {unknown}
 C - a potion of ambrosia {unknown}
 E - a potion of degeneration {unknown}
 I - a potion of mutation {unknown}


   Skills:
 + Level 7.9 Fighting
 - Level 1.8 Throwing
 - Level 2.4 Dodging
 + Level 9.4 Unarmed Combat
 + Level 8.2 Shapeshifting


You had 8 spell levels left.
You didn't know any spells.
Your spell library was empty.

Dungeon Overview and Level Annotations

Branches:
Dungeon (7/15)             Temple (0/1) D:6

Altars:
Ashenzari
Fedhas
Okawaru
Ru
Sif Muna
Xom
The Shining One

Shops:
D:4 *

Annotations:
D:4 1 runed translucent door, jestert79's ghost, novice GnWn


Innate Abilities, Weirdness & Mutations

You are too large for most types of armour.
You have claws for hands.
Your natural rate of healing is unusually fast.
You are covered in fur. (AC +1)
You have tough skin. (AC +1)


Message History

You are more poisoned.
The killer bee poisons you! The killer bee stings you.
The killer bee barely misses you. The killer bee closely misses you.
The killer bee barely misses you.
You scratch the killer bee.
The killer bee is moderately wounded.
You feel very sick. The killer bee stings you.
* * * LOW HITPOINT WARNING * * *
The killer bee stings you.
* * * LOW HITPOINT WARNING * * *
The killer bee closely misses you.
You scratch the killer bee.
The killer bee is heavily wounded.
You feel very sick. The killer bee stings you.
* * * LOW HITPOINT WARNING * * *
The killer bee stings you.
* * * LOW HITPOINT WARNING * * *
The killer bee barely misses you. x3; The killer bee stings you.
* * * LOW HITPOINT WARNING * * *
You are lethally poisoned!
The killer bee poisons you!
You feel better.
You hear the creaking of a distant portcullis.
The killer bee closely misses you. The killer bee stings you.
* * * LOW HITPOINT WARNING * * *
The killer bee stings you but does no damage.
The killer bee stings you.
* * * LOW HITPOINT WARNING * * *
You are poisoned.
The killer bee poisons you! The killer bee barely misses you.
The killer bee stings you!
* * * LOW HITPOINT WARNING * * *
You feel better. The killer bee barely misses you. The killer bee stings you.
* * * LOW HITPOINT WARNING * * *
The killer bee barely misses you. The killer bee stings you.
* * * LOW HITPOINT WARNING * * *
The killer bee stings you.
You die...

........ ........ .#
......# #######.####
......# #...........
......# #...........
......# #....)......
......# #...........
......# #>...y......
......# #...@y......
......# #....y......
......# #...........
......# #...........
......#######...........
........................
...............#########
#####..........#
#..........#


You could see 3 killer bees.

Vanquished Creatures
  Pikel (D:6)
  Grinder (D:3)
  Sigmund (D:4)
  Eustachio (D:4)
  A wyvern (D:7)
  Menkaure (D:5)
  Edmund (D:4)
  2 water moccasins (D:6)
  A black bear (D:7)
  2 ogres
  2 orc warriors
  A centaur (D:7)
  A lemure (D:6)
  A phantom (D:6)
  A kobold brigand (D:6)
  3 scorpions (D:5)
  5 wights (D:6)
  A killer bee (D:7)
  A howler monkey (D:6)
  4 crimson imps (D:6)
  5 hounds
  3 orc priests
  A bombardier beetle (D:6)
  Crazy Yiuf (D:3)
  A jelly (D:6)
  2 sleepcaps
  Ijyb (D:5)
  4 iguanas
  7 orc wizards
  Robin (D:3)
  4 gnolls (D:3)
  9 adders
  A white imp (D:5)
  2 dart slugs
  15 orcs
  7 ball pythons
  3 endoplasms
  2 giant cockroaches (D:3)
  17 goblins
  12 hobgoblins
  3 jackals (D:4)
  15 kobolds
  2 quokkas
  6 bats
  4 frilled lizards
  6 rats
166 creatures vanquished.

Notes
Turn   | Place    | Note
-------+----------+-------------------------------------------
     0 | D:1      | Bobbunny the Troll Berserker began the quest for the Orb.
     0 | D:1      | Reached XP level 1. HP: 22/22 MP: 0/0
   206 | D:1      | Reached XP level 2. HP: 29/29 MP: 1/1
   953 | D:2      | Reached ** piety under Trog
   954 | D:2      | Reached XP level 3. HP: 35/37 MP: 2/2
  1226 | D:2      | Reached skill level 4 in Unarmed Combat
  1382 | D:3      | Reached XP level 4. HP: 45/45 MP: 3/3
  1413 | D:3      | Noticed Robin
  1430 | D:3      | Killed Robin
  1479 | D:3      | Noticed Grinder
  1492 | D:3      | Killed Grinder
  1493 | D:3      | Reached skill level 5 in Unarmed Combat
  1493 | D:3      | Reached XP level 5. HP: 23/55 MP: 4/4
  1493 | D:3      | Reached XP level 6. HP: 27/63 MP: 5/5
  1559 | D:3      | Found a runed translucent door.
  1560 | D:3      | Noticed Crazy Yiuf
  1567 | D:3      | Killed Crazy Yiuf
  1911 | D:4      | Identified the ring "Ixextag" {rElec MP-9 Str+6 Dex+3}
  1927 | D:4      | Noticed Sigmund
  1939 | D:4      | Killed Sigmund
  1939 | D:4      | Reached *** piety under Trog
  1940 | D:4      | Reached skill level 5 in Fighting
  1940 | D:4      | Reached skill level 6 in Unarmed Combat
  1940 | D:4      | Reached XP level 7. HP: 72/72 MP: 6/6
  2061 | D:4      | Found Fimist's Assorted Antiques.
  2066 | D:4      | Bought a scroll labelled ZERINETHITS for 30 gold pieces
  2067 | D:4      | Found a runed translucent door.
  2163 | D:4      | Noticed jestert79's ghost (novice GnWn)
  2272 | D:4      | Noticed Eustachio
  2291 | D:4      | Killed Eustachio
  2292 | D:4      | Reached skill level 1 in Throwing
  2441 | D:4      | Noticed Edmund
  2453 | D:4      | Killed Edmund
  2784 | D:4      | Identified a scroll of acquirement
  2789 | D:4      | Acquired a manual of Shapeshifting
  2811 | D:5      | Entered Level 5 of the Dungeon
  2846 | D:5      | Reached skill level 7 in Unarmed Combat
  2846 | D:5      | Reached skill level 1 in Shapeshifting
  2846 | D:5      | Reached XP level 8. HP: 83/83 MP: 7/7
  2904 | D:5      | Noticed Ijyb
  2926 | D:5      | Killed Ijyb
  3009 | D:5      | Reached **** piety under Trog
  3092 | D:5      | Noticed Menkaure
  3098 | D:5      | Killed Menkaure
  3409 | D:5      | Found a sacrificial altar of Ru.
  3635 | D:6      | Found a shimmering altar of Xom.
  3703 | D:6      | Reached skill level 8 in Unarmed Combat
  3703 | D:6      | Reached skill level 5 in Shapeshifting
  3774 | D:6      | Noticed Pikel
  3785 | D:6      | Killed Pikel
  3786 | D:6      | Reached XP level 9. HP: 80/93 MP: 8/8
  4065 | D:6      | Found a shimmering blue altar of Sif Muna.
  4065 | D:6      | Found a blossoming altar of Fedhas.
  4087 | D:6      | Reached skill level 9 in Unarmed Combat
  4096 | D:6      | Reached ***** piety under Trog
  4131 | D:6      | Found a glowing golden altar of the Shining One.
  4133 | D:6      | Found an iron altar of Okawaru.
  4135 | D:6      | Found a faded altar of an unknown god.
  4239 | D:6      | Found a staircase to the Ecumenical Temple.
  4361 | D:7      | Found a broken altar of Ashenzari.
  4533 | D:7      | HP: 3/96 [killer bee (8)]
  4534 | D:7      | HP: 1/96 [killer bee (5)]
  4534 | D:7      | Slain by a killer bee

Illustrated notes

Levels and vault maps discovered:
D:1:      minmay_arrival_four_houses, layout_loops_cross, item_on_display_a
D:2:      layout_loops_cross, kennysheep_generic_room_10
D:3:      layout_rooms, minivault_11, uniq_crazy_yiuf_cottage, uniq_grinder,
          uniq_robin
D:4:      layout_cave_pods, serial_shops, shop, ebering_ghost_reflecting_pool,
          minmay_misc_feat_tower, nicolae_houndstooth_variations,
          uniq_eustachio, uniq_sigmund, uniq_edmund
D:5:      layout_basic, nicolae_overflow_hidden_temple,
          chequers_serial_rivers_large_a, nicolae_goblin_pals, uniq_menkaure
D:6:      layout_rooms, led_xom_imps, chequers_temple_overflow_minitemple,
          minmay_temple_entry_poolview, uniq_pikel
D:7:      layout_basic, mainiacjoe_overflow_alcove_1, enter_bailey_7,
          uniq_joseph, uniq_jeremiah, uniq_duvessa

Skill      XL: |  1  2  3  4  5  6  7  8  9 |
---------------+----------------------------+-----
Fighting       | 3 4 5 7 |  7.9
Unarmed Combat | 4 5 6 7 8 9 |  9.4
Throwing       | 1 |  1.8
Shapeshifting  | 1 6 8 |  8.2
Dodging        | |  2.4

Action                     |  1- 3 |  4- 6 |  7- 9 || total
---------------------------+-------+-------+-------++-------
  Melee: Unarmed           |    94 |    89 |   274 ||   457
         Punch             |     1 |     1 |     6 ||     8
  Throw: Dart              |       |       |     2 ||     2
         Javelin           |       |       |     1 ||     1
 Invoke: Berserk           |       |     1 |     2 ||     3
  Evoke: Wand              |       |     1 |     2 ||     3
    Use: Scroll            |       |     1 |     7 ||     8
         Potion            |       |       |     2 ||     2
   Stab: Sleeping          |       |       |     1 ||     1
 Armour: Animal skin       |    47 |    68 |   213 ||   328
  Dodge: Dodged            |    41 |    45 |   138 ||   224
